 Dungeon Crawl Stone Soup version 0.27.0-1-g7a089689b8 (webtiles) character file.

Game seed: 16717344057047897751

49 dipablo the Shield-Bearer (level 3, -1/33 (35) HPs)
             Began as a Gnoll Fighter on Aug 3, 2021.
             Slain by Crazy Yiuf (8 damage)
             ... while paralysed by Crazy Yiuf
             ... on level 2 of the Dungeon.
             The game lasted 00:02:56 (1655 turns).

dipablo the Shield-Bearer (Gnoll Fighter)           Turns: 1655, Time: 00:02:57

HP:   -1/33 (35)    AC: 10    Str: 16    XL:     3   Next: 77%
MP:   4/4           EV:  2    Int:  7    God:
Gold: 86            SH:  0    Dex: 11    Spells: 3/3 levels left

rFire    . . .     SeeInvis .   a - +0 rapier
rCold    . . .     Faith    .   c - +0 kite shield
rNeg     . . .     Spirit   .   e - +0 chain mail
rPois    .         Reflect  .   (no helmet)
rElec    .         Harm     .   (no cloak)
rCorr    .         Rampage  .   (no gloves)
Will     .....                  (no boots)
Stlth    ..........             (no amulet)
HPRegen  0.11/turn              (no ring)
MPRegen  0.09/turn              (no ring)

@: paralysed, drained
A: fangs 1, strong nose, distributed training
a: no special abilities


You were on level 2 of the Dungeon.
You visited 1 branch of the dungeon, and saw 2 of its levels.

You collected 86 gold pieces.

Inventory:

Hand Weapons
 a - a +0 rapier (weapon)
Missiles
 j - 15 sling bullets
 n - 5 silver boomerangs (quivered)
Armour
 c - a +0 kite shield (worn)
 e - a +0 chain mail (worn)
   (You found it on level 1 of the Dungeon)
Scrolls
 b - 2 scrolls of teleportation {unknown}
 g - 2 scrolls of identify {unknown}
 i - 2 scrolls of enchant weapon {unknown}
 k - a scroll of brand weapon {unknown}
 l - a scroll of noise {unknown}
 m - a scroll of immolation {unknown}
 o - a scroll of magic mapping {unknown}
Potions
 d - a potion of might
 f - a potion of magic {unknown}
 h - a potion of curing {unknown}


   Skills:
 + Level 6.5 Fighting
 + Level 4.5 Short Blades
 + Level 0.9 Long Blades
 + Level 0.9 Axes
 + Level 0.9 Maces & Flails
 + Level 0.9 Polearms
 + Level 0.9 Staves
 + Level 0.9 Slings
 + Level 0.9 Bows
 + Level 0.9 Crossbows
 + Level 0.9 Throwing
 + Level 6.5 Armour
 + Level 0.9 Dodging
 + Level 0.9 Stealth
 + Level 6.5 Shields
 + Level 0.9 Unarmed Combat
 + Level 0.9 Spellcasting
 + Level 0.6 Conjurations
 + Level 0.6 Hexes
 + Level 0.6 Summonings
 + Level 0.6 Necromancy
 + Level 0.6 Translocations
 + Level 0.6 Transmutations
 + Level 0.6 Fire Magic
 + Level 0.6 Ice Magic
 + Level 0.6 Air Magic
 + Level 0.6 Earth Magic
 + Level 0.6 Poison Magic
 + Level 1.0 Invocations
 + Level 0.9 Evocations


You had 3 spell levels left.
You didn't know any spells.
Your spell library contained the following spells:

 Spells                   Type           Power      Damage    Failure   Level
 Beastly Appendage        Tmut           2%         N/A       100%        1
 Magic Dart               Conj           4%         1d3       100%        1
 Sandblast                Erth           2%         2d4       100%        1
 Call Imp                 Summ           1%         N/A       100%        2
 Passwall                 Tmut/Erth      0%         N/A       100%        2
 Wereblood                Tmut           1%         N/A       100%        2
 Mephitic Cloud           Conj/Pois/Air  1%         N/A       100%        3
 Ozocubu's Armour         Ice            1%         N/A       100%        3
 Spider Form              Tmut/Pois      0%         N/A       100%        3
 Lee's Rapid Deconstruct  Erth           0%         3d5*      100%        5
 Metabolic Englaciation   Hex/Ice        0%         N/A       100%        5
 Simulacrum               Ice/Necr       0%         N/A       100%        6


Dungeon Overview and Level Annotations

Branches:
Dungeon (2/15)

Altars:

Annotations:
D:2 Crazy Yiuf


Innate Abilities, Weirdness & Mutations

You have very sharp teeth.
Your uncanny sense of smell can sniff out nearby items.
Your experience applies equally to all skills.


Message History

A hobgoblin is nearby!
You block the hobgoblin's attack.
You closely miss the hobgoblin. The hobgoblin barely misses you.
You hit the hobgoblin.
You kill the hobgoblin!
No target in view!
No target in view!
You see here a hobgoblin corpse.
You now have 71 gold pieces (gained 11).
Key pressed, stopping explore.
You see here a +0 chain mail.
A bat is nearby!
The bat hits you but does no damage. x2
You miss the bat. The bat hits you but does no damage. x2
You hit the bat. The bat closely misses you.
The bat hits you but does no damage. You block the bat's attack.
The bat hits you but does no damage. The bat barely misses you.
You hit the bat but do no damage. The bat hits you but does no damage.
You completely miss the bat. The bat hits you.
The bat hits you but does no damage.
You puncture the bat!
You kill the bat!
No target in view!
No target in view!
No target in view!
No target in view!
No target in view!
No target in view!
No target in view!
No target in view!
You see here a bat corpse.
There is a stone staircase leading down here.
You see here a +0 dagger.
Found a stone staircase leading down.
There is a stone staircase leading up here.
There is a stone staircase leading down here.
Key pressed, stopping explore.
i - 2 scrolls labelled ODIUKEXOGI (gained 1)
You pick up a book of Minor Magic and begin reading...
You add the spells Magic Dart, Call Imp and Mephitic Cloud to your library.
You now have 86 gold pieces (gained 15).
You pick up a book of Changes and begin reading...
You add the spells Beastly Appendage, Wereblood and Spider Form to your library.
You see here a rat skeleton.
You see here a rat skeleton.
You see here a +0 short sword.
A kobold comes into view. It is wielding a +0 short sword.
A kobold is nearby!
The kobold shouts!
You closely miss the kobold. You block the kobold's attack.
The kobold hits you but does no damage.
You puncture the kobold!
You kill the kobold!
No target in view!
No target in view!
o - a scroll labelled WOSUES UCKAI
Things that are here:
a +0 short sword; a +0 leather armour; a kobold corpse Key pressed, stopping explore.
You see here a +0 short sword.
Found a stone staircase leading up.
There is a stone staircase leading up here.
Key pressed, stopping explore.
You see here a rat skeleton.
p - an amulet of magic regeneration Key pressed, stopping explore.
Key pressed, stopping explore.
You see here a +0 dagger.
You see here 31 stones.
A hobgoblin comes into view.
The hobgoblin shouts!
Drop what? 16/52 slots (_ for help) (? for menu, Esc to quit)
You drop an amulet of magic regeneration.
A hobgoblin is nearby!
You puncture the hobgoblin!
You kill the hobgoblin!
No target in view!
No target in view!
You see here a hobgoblin corpse.
Key pressed, stopping explore.
Key pressed, stopping explore.
You see here a +0 short sword.
Crazy Yiuf shouts!
Crazy Yiuf screams, "Earwax!
Mugger cloud ena."
You aren't carrying any items that you can evoke.
You open the door. You hit Crazy Yiuf. You block Crazy Yiuf's attack.
You hit Crazy Yiuf.
Crazy Yiuf hits you with a +3 quarterstaff of chaos!
You feel drained. You block Crazy Yiuf's attack.
You completely miss Crazy Yiuf.
Crazy Yiuf cries, "Whippet!
Nubble turtle rumpyflump."
Crazy Yiuf hits you with a +3 quarterstaff of chaos!
You puncture Crazy Yiuf! You bite Crazy Yiuf, but do no damage.
Crazy Yiuf hits you with a +3 quarterstaff of chaos.
* * * LOW HITPOINT WARNING * * *
You suddenly lose the ability to move!
Crazy Yiuf hits you with a +3 quarterstaff of chaos!
You die...

###♣♣♣♣♣ #
##....♣.♣♣♣ ###
##
##.)..♣.♣..♣#...#
##.
#......♣♣♣♣@g...#
######..
#####.....♣♣
♣♣#..)# #.......
#......##♣♣ ###
###.####..
#.######
#......##. #.#
##...#.### #.#
#######
#......... #.#
#...#.#
#....#.### #.#
##.##.#
#.#†##.### #.#
#.##.#
######.#.##....


You could see Crazy Yiuf.

Vanquished Creatures
  A gnoll (D:1)
  3 ball pythons (D:2)
  3 bats
  3 endoplasms (D:1)
  2 giant cockroaches (D:1)
  4 goblins
  5 hobgoblins
  4 kobolds
  2 quokkas
  3 frilled lizards
  5 rats
35 creatures vanquished.

Vanquished Creatures (others)
  4 toadstools (D:1)
4 creatures vanquished.

Grand Total: 39 creatures vanquished

Notes
Turn   | Place    | Note
-------+----------+-------------------------------------------
     0 | D:1      | dipablo the Gnoll Fighter began the quest for the Orb.
     0 | D:1      | Reached XP level 1. HP: 23/23 MP: 1/1
    34 | D:1      | Reached XP level 2. HP: 22/29 MP: 2/2
   542 | D:1      | Reached XP level 3. HP: 35/35 MP: 3/3
   987 | D:2      | Reached skill level 1 in Invocations
   993 | D:2      | Found a faded altar of an unknown god.
  1301 | D:2      | Found a runed translucent door.
  1302 | D:2      | Noticed Crazy Yiuf
  1654 | D:2      | HP: 7/33 [Crazy Yiuf (6)]
  1654 | D:2      | Paralysed by Crazy Yiuf for 7 turns
  1655 | D:2      | Slain by Crazy Yiuf

Illustrated notes

Levels and vault maps discovered:
D:1:      ldierk_water_garden, layout_loops_ring, minmay_misc_feat_encased,
          minmay_split_cup_large
D:2:      layout_loops_ring, dreamdust_ecumenical_altar_statues,
          uniq_crazy_yiuf_cottage

Skill      XL: |  1  2  3 |
---------------+----------+-----
Invocations    | 1 |  1.0
Fighting       | |  6.5
Short Blades   | |  4.5
Long Blades    | |  0.9
Axes           | |  0.9
Maces & Flails | |  0.9
Polearms       | |  0.9
Staves         | |  0.9
Slings         | |  0.9
Bows           | |  0.9
Crossbows      | |  0.9
Throwing       | |  0.9
Armour         | |  6.5
Dodging        | |  0.9
Stealth        | |  0.9
Shields        | |  6.5
Unarmed Combat | |  0.9
Spellcasting   | |  0.9
Conjurations   | |  0.6
Hexes          | |  0.6
Summonings     | |  0.6
Necromancy     | |  0.6
Translocations | |  0.6
Transmutations | |  0.6
Fire Magic     | |  0.6
Ice Magic      | |  0.6
Air Magic      | |  0.6
Earth Magic    | |  0.6
Poison Magic   | |  0.6
Evocations     | |  0.9

Action                   || total
-------------------------++-------
Melee: Rapier            ||   111
       Bite              ||    14
Armor: Scale mail        ||     1
       Chain mail        ||    33
Dodge: Dodged            ||    17
Block: Kite shield       ||    63

Table legend: (Time is in decaauts)
 A = Elapsed time spent in this place.
 B = Non-inter-level travel time spent in this place.
 C = Inter-level travel time spent in this place.
 D = Time resting spent in this place.
 E = Time spent auto-exploring this place.
 F = Levels seen in this place.
 G = Mean time per level.
                   A        B        C        D        E       F      G
               +--------+--------+--------+--------+--------+-----+--------+
         Total |   1676 |   1656 |     20 |      0 |   1391 |   2 |  838.0 |
       Dungeon |   1676 |   1656 |     20 |      0 |   1391 |   2 |  838.0 |
               +--------+--------+--------+--------+--------+-----+--------+

Top non-repeatable levels by time:
     D:1: 849 daAuts
     D:2: 827 daAuts

Table legend:
 A = Kills in this place as a percentage of kills in entire the game.
 B = Kills by you in this place as a percentage of kills by you in the entire game.
 C = Kills by friends in this place as a percentage of kills by friends in the entire game.
 D = Other kills in this place as a percentage of other kills in the entire game.
 E = Experience gained in this place as a percentage of experience gained in the entire game.
 F = Experience gained in this place divided by the number of levels of this place that you have seen.
                   A       B       C       D       E      F
               +-------+-------+-------+-------+-------+----------------------
         Total | 100.0 | 100.0 |   N/A |   N/A | 100.0 |  35.5
       Dungeon | 100.0 | 100.0 |   N/A |   N/A | 100.0 |  35.5
               +-------+-------+-------+-------+-------+----------------------
